 Dungeon Crawl Stone Soup version 0.19-a0-1920-g83281cb (webtiles) character file.

687 spe3d0 the Grappler (level 7, -2/66 HPs)
             Began as a Troll Monk on Oct 24, 2016.
             Slain by a killer bee (3 damage)
             ... on level 4 of the Dungeon.
             The game lasted 00:08:55 (2488 turns).

spe3d0 the Grappler (Troll Monk)                    Turns: 2488, Time: 00:08:56

Health: -2/66      AC:  6    Str: 21    XL:     7   Next: 35%
Magic:  6/6        EV: 11    Int:  6    God:
Gold:   259        SH:  0    Dex: 17    Spells: 0 memorised, 6 levels left

rFire  . . .     SeeInvis +       - Unarmed
rCold  . . .     Gourm    +     a - +1 robe
rNeg   . . .     Faith    .     (no shield)
rPois  .         Spirit   .     (helmet restricted)
rElec  .         Reflect  .     (no cloak)
rCorr  .         Harm     .     (gloves unavailable)
MR     .....                    (boots unavailable)
Stlth  ++........               (no amulet)
                                X - +4 ring of dexterity
                                v - ring of see invisible

@: no status effects
A: unfitting armour, claws 3, fast metabolism 3, gourmand, regeneration 1,
shaggy fur 1, tough skin 2
a: no special abilities


You were on level 4 of the Dungeon.
You were completely stuffed.

You visited 1 branch of the dungeon, and saw 4 of its levels.

You collected 259 gold pieces.


Innate Abilities, Weirdness & Mutations

You are too large for most types of armour.
You have claws for hands.
Your metabolism is lightning-fast.
You like to eat raw meat.
Your natural rate of healing is unusually fast.
You are covered in fur. (AC +1)
You have very tough skin. (AC +2)


   Skills:
 - Level 2.4 Fighting
 - Level 2.4 Dodging
 - Level 1.0 Stealth
 * Level 8.7 Unarmed Combat


You had 6 spell levels left.
You didn't know any spells.

Inventory:

Missiles
 n - a throwing net {=f}
Armour
 a - a +1 robe (worn)
Jewellery
 v - a ring of see invisible (left claw)
 O - a +2 ring of protection
 X - a +4 ring of dexterity (right claw)
Wands
 e - a wand of acid (8/15)
Scrolls
 i - 2 scrolls of remove curse {@r2}
 j - 2 scrolls of identify {@r1}
Potions
 c - a potion of heal wounds {unknown}
 d - a potion of magic {unknown}
 h - a potion of degeneration {unknown}
 l - a potion of agility {unknown}
 m - a potion of haste {unknown}
Books
 k - a book of Changes

   Spells                             Type                      Level
   a - Beastly Appendage              Transmutation                1
   b - Sticks to Snakes               Transmutation                2
   c - Spider Form                    Transmutation/Poison         3
   d - Ice Form                       Ice/Transmutation            4
   e - Blade Hands                    Transmutation                5
Comestibles
 b - 4 bread rations {@e1}
 f - a chunk of flesh
 g - 3 meat rations {@e1}
 p - a beef jerky {@e2}

Dungeon Overview and Level Annotations

Branches:
Dungeon (4/15)
 Temple: D:4-7

Altars:
Cheibriados
Hepliaklqana
Okawaru

.......># #.....
........# #....
.....[..# #...
##....#############..#
##....###..#.....##..##
......#....#.....#....#
......#....#.....#....#
.)....#....#....y#y...#
......#....#....@yy...+
......#....#....y#y...#
......#....'.....#....#
#####.####.#.....#######
#.####.###.........#
#...#....#.........#
#...#....#.........#
#)..#....#.........#
#...#....#.........+


You could see 6 killer bees.


Message History

The killer bee stings you but does no damage.
The killer bee stings you.
* * * LOW HITPOINT WARNING * * *
You are more poisoned.
The killer bee poisons you!
You feel better. The killer bee misses you.
The killer bee barely misses you. x2
The killer bee stings you!
* * * LOW HITPOINT WARNING * * *
The killer bee closely misses you. The killer bee barely misses you.
The killer bee buzzes angrily.
You closely miss the killer bee.
The killer bee is heavily wounded.
The killer bee stings you but does no damage.
The killer bee barely misses you. x2
You barely miss the killer bee.
The killer bee is heavily wounded.
The killer bee stings you.
* * * LOW HITPOINT WARNING * * *
The killer bee barely misses you. The killer bee stings you!
* * * LOW HITPOINT WARNING * * *
The killer bee closely misses you. The killer bee stings you.
* * * LOW HITPOINT WARNING * * *
The killer bee closely misses you.
You closely miss the killer bee.
The killer bee is heavily wounded.
The killer bee closely misses you. The killer bee barely misses you.
The killer bee stings you.
* * * LOW HITPOINT WARNING * * *
The killer bee barely misses you. The killer bee stings you.
You die...

Skill      XL: |  1  2  3  4  5  6 |
---------------+-------------------+-----
Unarmed Combat | 4 6 8 |  8.7
Fighting       | |  2.4
Dodging        | |  2.4
Stealth        | |  1.0

Action                   |  1- 3 |  4- 6 |  7- 9 || total
-------------------------+-------+-------+-------++-------
Melee: Unarmed           |    63 |   110 |    31 ||   204
       Punch             |       |     4 |       ||     4
  Use: Scroll            |       |     8 |       ||     8
       Potion            |       |       |     2 ||     2
 Stab: Sleeping          |     6 |     1 |       ||     7
       Distracted        |       |       |     1 ||     1
  Eat: Chunk             |    14 |    12 |     2 ||    28
Armor: Robe              |    21 |    36 |    10 ||    67
Dodge: Dodged            |    34 |    54 |    38 ||   126

Vault maps used:
D:1:      ldierk_walled_garden
D:3:      okawaru_ov_weapons_minmay, grunt_temple_overflow_open, first_bread
D:4:      uniq_menkaure

Notes
Turn   | Place    | Note
-------+----------+-------------------------------------------
     0 | D:1      | spe3d0 the Troll Monk began the quest for the Orb.
     0 | D:1      | Reached XP level 1. HP: 22/22 MP: 0/0
   303 | D:1      | Reached XP level 2. HP: 26/29 MP: 1/1
   676 | D:2      | Reached skill level 4 in Unarmed Combat
   721 | D:2      | Reached XP level 3. HP: 36/36 MP: 2/2
  1145 | D:2      | Reached XP level 4. HP: 44/44 MP: 3/3
  1184 | D:2      | Reached skill level 5 in Unarmed Combat
  1435 | D:3      | Found an iron altar of Okawaru.
  1441 | D:3      | Found a snail-covered altar of Cheibriados.
  1471 | D:3      | Found a hazy altar of Hepliaklqana.
  1518 | D:3      | Noticed severent's ghost (amateur OpFi)
  1569 | D:3      | Killed severent's ghost
  1569 | D:3      | Reached skill level 6 in Unarmed Combat
  1569 | D:3      | Reached XP level 5. HP: 25/50 MP: 4/4
  2127 | D:4      | Noticed someotherguy6's ghost (amateur NaTm)
  2151 | D:4      | Reached XP level 6. HP: 56/59 MP: 5/5
  2186 | D:4      | Killed someotherguy6's ghost
  2186 | D:4      | Reached skill level 7 in Unarmed Combat
  2193 | D:4      | Noticed Menkaure
  2218 | D:4      | Killed Menkaure
  2218 | D:4      | Reached skill level 8 in Unarmed Combat
  2218 | D:4      | Reached XP level 7. HP: 41/66 MP: 6/6
  2487 | D:4      | HP: 5/66 [killer bee (4)]
  2488 | D:4      | HP: 1/66 [killer bee (5)]
  2488 | D:4      | Slain by a killer bee

Vanquished Creatures
  The ghost of someotherguy6 the Changer, an amateur NaTm (D:4)
  Menkaure (D:4)
  An ogre (D:4)
  The ghost of severent the Ducker, an amateur OpFi of Uskayaw (D:3)
  A scorpion (D:4)
  A howler monkey (D:4)
  A hound skeleton (D:4)
  5 gnolls
  4 adders
  3 oozes
  2 worms
  A dart slug (D:2)
  2 leopard geckos
  17 orcs (D:3)
  3 giant cockroaches
  4 goblins
  4 hobgoblins
  3 jackals (D:2)
  2 quokkas (D:3)
  11 bats
  5 frilled lizards
  4 kobolds
  9 rats
86 creatures vanquished.

Vanquished Creatures (others)
  5 toadstools (D:1)
5 creatures vanquished.

Grand Total: 91 creatures vanquished
